Map: Eflorescencia EE

Players

IvanAsen

  • Race: Protoss Protoss
  • Spawn Location: 6:00

TatTat

  • Race: Protoss Protoss
  • Spawn Location: 9:00

MrFercho - Winner!

  • Race: Zerg Zerg
  • League: Silver
  • Spawn Location: 3:00

TATORREA - Winner!

  • Race: Protoss Protoss
  • League: Silver
  • Spawn Location: 12:00

VOD

Have the link to the VOD?

Description

Time

  • Played on: May 9, 2020, 8:16 p.m.
  • Length: 15:03
Show
View Real Time Build Order
Export as new Build Order

IvanAsen Protoss 

Build Orders:  

Get SALT Encoding   

  12  0:01  Probe (Chrono Boost)  
  13  0:10  Probe (Chrono Boost)  
  14  0:15  Probe (Chrono Boost)  
  15  0:25  Pylon  
  15  0:43  Probe  
  16  0:53  Gateway  
  16  0:57  Forge  
  16  1:03  Assimilator  
  16  1:07  Assimilator  
  16  1:20  Probe  
  17  1:32  Probe  
  18  1:40  Pylon  
  18  1:55  Nexus  
  18  2:05  Pylon  
  18  2:11  Zealot  
  18  2:12  Photon Cannon  
  20  2:22  Photon Cannon  
  20  2:30  Pylon  
  20  2:37  Cybernetics Core  
  20  2:39  Zealot  
  22  2:59  Photon Cannon  
  22  3:06  Zealot  
  22  3:09  Probe (Chrono Boost)  
  25  3:19  Probe (Chrono Boost)  
  26  3:24  Probe (Chrono Boost)  
  26  3:26  Warp Gate  
  27  3:39  Gateway  
  27  3:54  Adept  
  29  4:03  Twilight Council  
  29  4:15  Gateway  
  29  4:18  Probe (Chrono Boost)  
  30  4:28  Stalker, Probe (Chrono Boost)  
  33  4:33  Probe (Chrono Boost)  
  34  4:41  Probe  
  34  4:44  Probe  
  36  4:49  Zealot  
  36  4:51  Charge (Chrono Boost)  
  38  4:54  Probe  
  38  4:56  Probe  
  38  4:58  Stalker  
  42  5:08  Probe  
  43  5:20  Probe, Zealot  
  46  5:28  Zealot  
  48  5:56  Probe (Chrono Boost), Stargate  
  49  6:05  Stalker  
  49  6:06  Probe (Chrono Boost)  
  52  6:11  Probe (Chrono Boost)  
  52  6:15  Pylon  
  53  6:21  Stalker  
  53  6:23  Stalker, Probe  
  58  6:35  Probe  
  59  6:41  Void Ray  
  59  6:45  Assimilator  
  63  6:53  Assimilator  
  63  6:58  Zealot  
  63  7:00  Zealot  
  67  7:01  Zealot  
  67  7:03  Protoss Shields Level 1 (Chrono Boost)  
  69  7:20  Pylon  
  69  7:23  Pylon  
  69  7:34  Pylon  
  69  7:37  Void Ray  
  69  7:42  Nexus  
  73  8:12  Stalker  
  73  8:14  Stalker  
  73  8:15  Stalker  
  79  8:20  Void Ray  
  79  8:23  Assimilator  
  83  8:27  Assimilator  
  40  9:27  Stalker  
  40  9:28  Stalker  
  40  9:31  Stalker  
  37  9:51  Probe (Chrono Boost)  
  39  10:01  Stalker, Probe (Chrono Boost)  
  39  10:02  Stalker  
  39  10:04  Stalker  
  39  10:06  Void Ray, Probe (Chrono Boost)  
  50  10:19  Probe (Chrono Boost)  
  51  10:24  Probe (Chrono Boost)  
  52  10:34  Pylon, Probe x2 (Chrono Boost)  
  54  10:38  Probe (Chrono Boost)  
  54  10:41  Probe  
  54  10:49  Void Ray  
  56  10:54  Probe  
  34  11:37  Void Ray  
  38  11:41  Stalker  
  38  11:42  Stalker  
  38  11:44  Sentry  
  45  11:54  Probe (Chrono Boost)  
  46  12:03  Probe (Chrono Boost)  
  46  12:04  Probe (Chrono Boost)  
  46  12:08  Probe (Chrono Boost)  
  48  12:11  Probe (Chrono Boost)  
  48  12:14  Probe (Chrono Boost)  
  51  12:15  Probe (Chrono Boost)  
  51  12:18  Probe (Chrono Boost)  
  51  12:20  Void Ray  
  57  12:22  Probe (Chrono Boost)  
  57  12:23  Probe (Chrono Boost)  
  59  12:33  Probe (Chrono Boost)  
  59  12:34  Probe (Chrono Boost)  
  59  12:35  Probe (Chrono Boost)  
  61  12:38  Probe (Chrono Boost)  
  61  12:39  Probe (Chrono Boost)  
  61  12:44  Probe  
  64  12:50  Probe (Chrono Boost)  
  65  12:53  Fleet Beacon  
  65  12:56  Probe (Chrono Boost)  
  67  13:00  Probe (Chrono Boost)  
  67  13:03  Void Ray  
  73  13:06  Probe (Chrono Boost)  
  73  13:07  Probe (Chrono Boost)  
  73  13:10  Zealot  
  73  13:11  Probe (Chrono Boost)  
  73  13:12  Zealot  
  76  13:13  Zealot  
  70  13:22  Probe  
  70  13:34  Probe  
  66  13:45  Void Ray  
  37  13:57  Stalker  
  37  13:58  Stalker  
  37  14:00  Stalker  
Show
View Real Time Build Order
Export as new Build Order

TatTat Protoss 

Build Orders:  

Get SALT Encoding   

  12  0:01  Probe (Chrono Boost)  
  13  0:17  Pylon  
  13  0:19  Probe  
  14  0:35  Gateway  
  14  0:40  Assimilator  
  14  0:43  Probe  
  15  1:05  Forge  
  15  1:10  Probe (Chrono Boost)  
  16  1:21  Probe (Chrono Boost)  
  17  1:26  Probe (Chrono Boost)  
  17  1:28  Zealot  
  20  1:42  Pylon  
  20  1:49  Photon Cannon  
  20  1:56  Zealot  
  22  2:11  Nexus  
  22  2:17  Assimilator  
  22  2:21  Pylon  
  22  2:25  Probe (Chrono Boost)  
  23  2:32  Zealot  
  23  2:35  Probe (Chrono Boost)  
  26  2:45  Photon Cannon  
  26  2:55  Photon Cannon  
  26  3:02  Probe  
  27  3:14  Probe (Chrono Boost)  
  27  3:17  Photon Cannon  
  28  3:25  Assimilator, Probe (Chrono Boost)  
  30  3:35  Probe (Chrono Boost)  
  30  3:37  Assimilator  
  30  3:48  Cybernetics Core  
  30  3:56  Photon Cannon  
  30  4:01  Probe (Chrono Boost)  
  32  4:12  Probe (Chrono Boost)  
  32  4:14  Probe (Chrono Boost)  
  33  4:21  Probe  
  34  4:33  Probe, Stargate  
  34  4:37  Twilight Council  
  35  4:46  Pylon  
  35  4:56  Pylon  
  35  5:04  Protoss Shields Level 1  
  35  5:13  Probe (Chrono Boost)  
  38  5:21  Protoss Air Weapons Level 1  
  38  5:22  Probe (Chrono Boost)  
  38  5:24  Probe (Chrono Boost)  
  38  5:27  Probe (Chrono Boost)  
  33  5:32  Probe  
  33  5:40  Shield Battery  
  32  5:44  Probe  
  33  5:55  Photon Cannon  
  33  6:10  Photon Cannon  
  33  6:19  Pylon  
  33  6:25  Probe  
  34  6:35  Photon Cannon  
  34  6:39  Probe (Chrono Boost)  
  36  6:41  Probe (Chrono Boost)  
  36  6:50  Void Ray (Chrono Boost), Probe (Chrono Boost)  
  36  6:53  Probe (Chrono Boost)  
  42  6:55  Probe (Chrono Boost)  
  43  7:06  Probe  
  44  7:11  Protoss Shields Level 2 (Chrono Boost)  
  44  7:20  Protoss Air Armor Level 1  
  44  7:38  Void Ray  
  48  7:56  Pylon  
  48  8:01  Pylon  
  48  8:18  Stargate  
  48  8:23  Stargate  
  48  8:31  Void Ray  
  48  9:26  Void Ray x2 (Chrono Boost)  
  54  9:33  Void Ray (Chrono Boost)  
  56  10:06  Void Ray  
  60  10:24  Void Ray  
  60  10:25  Void Ray  
  68  10:41  Fleet Beacon  
  68  10:49  Void Ray  
  72  10:59  Probe  
  73  11:08  Void Ray  
  77  11:11  Probe  
  78  11:24  Probe  
  75  11:57  Void Ray x2 (Chrono Boost)  
  75  11:58  Void Ray (Chrono Boost)  
  87  12:37  Protoss Air Weapons Level 2 (Chrono Boost)  
  87  12:53  Void Ray  
  91  13:13  Pylon  
  91  13:15  Pylon  
  91  13:17  Pylon  
  91  13:31  Void Ray x2  
  99  13:40  Void Ray  
  73  14:14  Void Ray x2  
Show
View Real Time Build Order
Export as new Build Order

MrFercho Zerg - Winner!

Build Orders: Pool First 

Get SALT Encoding   

  12  0:02  Drone  
  13  0:14  Overlord  
  13  0:18  Drone  
  14  0:34  Drone  
  14  0:35  Drone  
  16  0:39  Extractor  
  15  0:49  Spawning Pool  
  14  0:50  Drone  
  15  1:23  Drone x3  
  18  1:44  Drone  
  18  1:47  Zergling x2  
  20  1:53  Hatchery  
  19  2:10  Drone x2  
  21  2:22  Overlord  
  21  2:27  Queen  
  21  2:28  Extractor  
  22  2:39  Extractor  
  22  2:41  Extractor  
  20  2:56  Metabolic Boost  
  19  3:27  Drone x3  
  20  3:30  Drone x3  
  25  3:55  Drone x5  
  30  4:07  Lair  
  30  4:16  Drone x3  
  33  4:17  Hatchery  
  33  4:19  Queen  
  34  4:27  Overlord x3  
  34  4:42  Drone x2  
  36  5:32  Spire  
  36  5:34  Drone x6  
  41  5:39  Drone  
  42  6:04  Drone x3  
  45  6:23  Hatchery  
  44  6:31  Hatchery, Infestation Pit  
  42  6:34  Hatchery  
  42  6:35  Drone x2  
  42  6:36  Queen  
  45  6:47  Mutalisk x5  
  55  7:03  Extractor, Drone x3  
  57  7:08  Extractor  
  57  7:15  Hive  
  56  7:19  Mutalisk x5  
  66  7:30  Overlord  
  66  7:31  Overlord x3  
  66  7:37  Zerg Flyer Armor Level 1  
  66  8:00  Mutalisk  
  66  8:01  Mutalisk x5  
  66  9:19  Mutalisk  
  66  9:20  Mutalisk x12  
  92  9:31  Zerg Flyer Weapons Level 1  
  76  9:58  Mutalisk x4  
  80  10:18  Drone x3  
  49  11:54  Zerg Flyer Weapons Level 2  
  49  12:05  Corruptor x3, Spire  
  49  12:06  Corruptor x11  
  76  12:27  Zergling x12  
  82  12:37  Zergling x10  
  82  12:38  Zergling x12  
  93  12:49  Adrenal Glands  
Show
View Real Time Build Order
Export as new Build Order

TATORREA Protoss - Winner!

Build Orders: Oracle Opening 

Get SALT Encoding   

  12  0:01  Probe  
  13  0:24  Probe  
  14  0:28  Pylon  
  14  0:36  Probe  
  14  0:41  Assimilator  
  15  0:48  Probe  
  16  1:01  Gateway  
  16  1:05  Gateway  
  16  1:08  Probe  
  17  1:20  Assimilator, Probe  
  18  1:32  Probe  
  19  1:36  Pylon  
  19  1:41  Pylon  
  19  1:44  Probe  
  20  2:03  Cybernetics Core  
  20  2:09  Probe  
  21  2:18  Zealot x2  
  21  2:21  Probe  
  26  2:34  Probe  
  27  3:00  Stalker x2  
  27  3:03  Warp Gate  
  31  3:11  Stargate  
  30  3:13  Robotics Facility  
  30  3:15  Probe  
  31  3:53  Probe  
  31  3:55  Oracle  
  31  4:02  Nexus  
  31  4:04  Assimilator  
  31  4:08  Assimilator, Probe  
  32  4:12  Stalker  
  32  4:14  Stalker  
  36  4:18  Observer  
  36  4:22  Probe  
  38  4:34  Probe  
  39  5:03  Pylon  
  39  5:08  Pylon  
  39  5:13  Probe  
  40  5:15  Void Ray  
  40  5:18  Pylon  
  44  5:22  Pylon  
  44  5:27  Pylon  
  44  6:08  Void Ray  
  44  6:11  Immortal  
  52  6:16  Robotics Bay  
  52  6:18  Probe  
  52  6:21  Probe  
  54  6:28  Stalker  
  54  6:30  Stalker, Probe  
  59  6:33  Probe  
  59  6:39  Protoss Air Weapons Level 1  
  60  6:43  Probe  
  60  6:45  Probe  
  62  6:55  Probe  
  62  6:56  Forge  
  63  7:03  Gateway  
  63  7:07  Gateway, Probe  
  64  7:10  Gateway  
  64  7:14  Probe  
  65  7:19  Probe  
  66  7:31  Probe  
  66  7:36  Void Ray  
  71  7:39  Extended Thermal Lance  
  71  7:43  Probe  
  72  7:46  Colossus  
  78  7:55  Probe  
  79  8:03  Protoss Ground Weapons Level 1  
  79  8:27  Fleet Beacon  
  75  8:43  Probe  
  75  8:47  Protoss Air Armor Level 1  
  50  9:06  Stalker  
  50  9:07  Stalker x2  
  50  9:09  Void Ray  
  55  9:44  Pylon  
  55  9:47  Pylon  
  55  9:50  Pylon  
  55  9:51  Probe  
  56  9:56  Nexus  
  56  10:00  Assimilator  
  56  10:01  Probe  
  56  10:03  Assimilator, Probe  
  58  10:12  Carrier  
  58  10:13  Probe  
  65  10:15  Probe  
  65  10:16  Colossus  
  72  10:25  Probe  
  72  10:27  Twilight Council, Probe  
  74  10:33  Stalker x2  
  74  10:34  Stalker  
  74  10:35  Stalker  
  82  10:38  Probe  
  82  10:39  Probe  
  84  10:50  Probe  
  85  11:09  Colossus  
  91  11:16  Tempest  
  96  11:30  Charge  
  96  11:46  Stalker  
  96  11:47  Stalker x2  
  100  11:52  Stalker x2  
  106  11:59  Carrier, Unknown  
  112  12:26  Pylon  
  112  12:30  Pylon  
  112  12:33  Pylon  
  112  12:48  Pylon, Probe  
  112  12:51  Pylon, Probe  
  114  12:54  Pylon  
  114  12:56  Anion Pulse-Crystals  
  114  12:59  Pylon  
  114  13:00  Probe  
  114  13:03  Stalker x2, Tempest, Pylon, Probe  
  114  13:04  Stalker  
  127  13:07  Pylon  
  127  13:11  Pylon  
  127  13:12  Probe  
  128  13:15  Probe  
  129  13:20  Pylon  
  129  13:46  Phoenix  
  119  14:11  Phoenix  
  86  14:36  Phoenix  
  86  14:45  Stalker x2  
  88  14:46  Stalker x2  
  88  14:47  Stalker  
Tags
 
Add a new tag
Caveats
  • Supply blocks, unpowered buildings, or Contaminate may cause inaccurate times.
  • Supply counts are checked every 10 seconds.